[Event "World Junior U20 Girls 2018"]
[Site "Gebze"]
[Date "2018.09.05"]
[Round "1"]
[White "Esti, Kubra Selenay"]
[Black "Lingur, Zalina"]
[Result "1/2-1/2"]
[ECO "E61"]
[WhiteElo "1662"]
[BlackElo "2061"]
[Annotator "NA"]
[PlyCount "68"]
[EventDate "2018.09.05"]
[EventType "swiss"]
[EventCountry "TUR"]
[SourceTitle "playchess.com"]
[Source "ChessBase"]
[SourceQuality "1"]
[TimeControl "40/5400+30:1800+30"]

1. d4 Nf6 2. Bf4 b6 3. e3 Bb7 4. Nf3 g6 5. h3 Bg7 6. Be2 d6 7. O-O O-O 8. c4 Nbd7 9. Nc3 e6 10. Bh2 a6 11. Rc1 Qe7 12. b4 Ne4 13. Nxe4 Bxe4 14. Nd2 Bb7 15. Bf3 Bxf3 16. Nxf3 Kh8 17. Qb3 e5 18. dxe5 dxe5 19. Rfd1 f5 20. Qa4 Rfd8 21. Rd5 f4 22. exf4 e4 23. Ne5 Nxe5 24. fxe5 Rxd5 25. cxd5 Bxe5 26. Bxe5+ Qxe5 27. Qd7 e3 28. Rxc7 exf2+ 29. Kxf2 Rf8+ 30. Kg1 Qe3+ 31. Kh2 Qf4+ 32. Kh1 Qf1+ 33. Kh2 Qf4+ 34. Kh1 Qf1+ 1/2-1/2

[Event "World Junior U20 Girls 2018"]
[Site "Gebze"]
[Date "2018.09.06"]
[Round "2"]
[White "Tsolakidou, Stavroula"]
[Black "Chu, Ruotong"]
[Result "1/2-1/2"]
[ECO "A16"]
[WhiteElo "2393"]
[BlackElo "2199"]
[Annotator "NA"]
[PlyCount "69"]
[EventDate "2018.09.05"]
[EventType "swiss"]
[EventCountry "TUR"]
[SourceTitle "playchess.com"]
[Source "ChessBase"]
[SourceQuality "1"]
[TimeControl "40/5400+30:1800+30"]

1. Nf3 Nf6 2. c4 g6 3. Nc3 d5 4. cxd5 Nxd5 5. h4 Bg7 6. e4 Nxc3 7. dxc3 Qxd1+ 8. Kxd1 Nd7 9. Nd4 Nc5 10. f3 Ne6 11. Nb3 Be5 12. Be3 Bd7 13. a4 h6 14. Bf2 O-O-O 15. Kc2 Kb8 16. g3 g5 17. Be2 Rdf8 18. Nd2 Nd8 19. Nc4 Nc6 20. b4 Be6 21. Nxe5 Nxe5 22. Bc5 Re8 23. hxg5 hxg5 24. f4 Rxh1 25. Rxh1 gxf4 26. gxf4 Bc4 27. Kd2 Bxe2 28. Kxe2 Nd7 29. Bf2 f6 30. Rh7 Kc8 31. Kf3 a6 32. b5 Nb6 33. Bxb6 cxb6 34. bxa6 bxa6 35. Ke3 1/2-1/2

[Event "World Junior U20 Girls 2018"]
[Site "Gebze"]
[Date "2018.09.06"]
[Round "2"]
[White "Zhu, Jiner"]
[Black "Song, Yuxin"]
[Result "1/2-1/2"]
[ECO "B90"]
[WhiteElo "2364"]
[BlackElo "2156"]
[Annotator "NA"]
[PlyCount "101"]
[EventDate "2018.09.05"]
[EventType "swiss"]
[EventCountry "TUR"]
[SourceTitle "playchess.com"]
[Source "ChessBase"]
[SourceQuality "1"]
[TimeControl "40/5400+30:1800+30"]

1. e4 c5 2. Nf3 d6 3. d4 cxd4 4. Nxd4 Nf6 5. Nc3 a6 6. Be3 e5 7. Nf3 Be7 8. Bc4 O-O 9. O-O Be6 10. Bb3 Nc6 $11 {[%emt 0:02:30] LiveBook: 220 Games} 11. Qe2 Na5 12. Rfd1 Nxb3 13. axb3 Qc7 14. Bg5 Rac8 15. Ne1 Ne8 16. Bxe7 Qxe7 17. Qd2 Qc7 18. Nd5 Bxd5 19. Qxd5 Nf6 20. Qd3 Qc6 21. f3 Rfd8 22. c4 b5 23. Kf1 Ne8 24. Rdc1 Rb8 25. Qc3 b4 26. Qd2 Nc7 27. Nc2 Qc5 28. Ra4 a5 29. Rca1 Ra8 30. R1a2 f5 31. Qe2 Re8 32. exf5 d5 33. Ra1 e4 34. fxe4 dxe4 35. Ne3 Red8 36. Re1 Rd3 37. Raa1 Rxb3 38. Rad1 Qe5 39. Rd2 Qxh2 40. c5 Qh1+ 41. Kf2 Qh4+ 42. Kg1 Rd3 43. Red1 Qe7 44. Rxd3 exd3 45. Rxd3 Qxc5 46. Rd7 Re8 47. Qc4+ Ne6 48. Qe4 Nc7 49. Qc4+ Ne6 50. Qe4 Nc7 51. Qc4+ 1/2-1/2

[Event "World Junior U20 Girls 2018"]
[Site "Gebze"]
[Date "2018.09.06"]
[Round "2"]
[White "Khomeriki, Nino"]
[Black "Santeramo, Alessia"]
[Result "1-0"]
[ECO "E16"]
[WhiteElo "2313"]
[BlackElo "2124"]
[Annotator "NA"]
[PlyCount "69"]
[EventDate "2018.09.05"]
[EventType "swiss"]
[EventCountry "TUR"]
[SourceTitle "playchess.com"]
[Source "ChessBase"]
[SourceQuality "1"]
[TimeControl "40/5400+30:1800+30"]

1. d4 Nf6 2. c4 e6 3. Nf3 Bb4+ 4. Bd2 Qe7 5. Nc3 O-O 6. g3 b6 7. Bg2 Bb7 8. O-O d6 9. d5 e5 10. Ne1 Nbd7 11. e4 Nc5 12. Qe2 $11 Bc8 13. Nd3 Nxd3 14. Qxd3 Nd7 15. Nb1 Nc5 16. Qc2 Bxd2 17. Nxd2 a5 18. f4 exf4 19. gxf4 Bg4 20. Rae1 Rae8 21. Qc3 Qh4 22. b3 f5 23. e5 dxe5 24. fxe5 f4 25. Nf3 Bxf3 26. Bxf3 Rf5 27. Kh1 Qh3 28. d6 Ne6 29. d7 Rd8 30. Qd2 Rxe5 31. Bg2 Qf5 32. Rxe5 Qxe5 33. Re1 Qd6 34. Qxd6 cxd6 35. Bd5 1-0

[Event "World Junior U20 Girls 2018"]
[Site "Gebze"]
[Date "2018.09.06"]
[Round "2"]
[White "Sieber, Fiona"]
[Black "Kyrkjebo, Marte B"]
[Result "1-0"]
[ECO "C78"]
[WhiteElo "2277"]
[BlackElo "1935"]
[Annotator "NA"]
[PlyCount "97"]
[EventDate "2018.09.05"]
[EventType "swiss"]
[EventCountry "TUR"]
[SourceTitle "playchess.com"]
[Source "ChessBase"]
[SourceQuality "1"]
[TimeControl "40/5400+30:1800+30"]

1. e4 e5 2. Nf3 Nc6 3. Bb5 a6 4. Ba4 Nf6 5. O-O b5 6. Bb3 Bc5 7. a4 Bb7 8. d3 d6 9. Nc3 b4 10. Nd5 h6 11. Ne3 {[%emt 0:08:30] C78: Ruy Lopez: Archangelsk and Möller Defences} (11. a5 O-O 12. Be3 Nd7 13. Qd2 Kh7 14. c3 Bxe3 15. fxe3 Nc5 16. Bc2 b3 17. Bb1 Rb8 18. d4 Nd7 {1-0 (43) Caruana,F (2781)-Sokolov,I (2663) Wijk aan Zee 2013 CBM 153 [Marin,M]}) 11... Ne7 $146 ({Predecessor:} 11... Na5 12. Ba2 Bxe3 13. Bxe3 O-O 14. c3 Nc6 15. Bd2 a5 16. Bc4 Ba6 17. Qb3 bxc3 18. Bxc3 Rb8 19. Qa2 Nb4 {½-½ (19) Kelemen,G-Deli,F Fuzesabony 1994}) 12. a5 O-O 13. Re1 Ng6 14. h3 Re8 15. Ba4 c6 16. Nc4 Qc7 17. Be3 Bxe3 18. Nxe3 Red8 19. Nc4 Nd7 20. Qe2 Nc5 21. Qe3 Nxa4 22. Rxa4 c5 23. Raa1 Rf8 24. c3 bxc3 25. bxc3 f5 26. Rab1 fxe4 27. dxe4 Nf4 28. Nxd6 Qxd6 29. Rxb7 Qg6 30. Nh4 Qh5 31. Nf5 Ne6 32. Qg3 Rf7 33. Rxf7 Kxf7 34. Qxe5 Qg6 35. Rb1 Rd8 36. Rb7+ Kf8 37. Re7 Re8 38. Qd6 Rxe7 39. Nxe7 Qxe4 40. Nd5+ Kg8 41. Ne3 Nf4 42. Qxa6 $18 Qb1+ 43. Kh2 Nd3 44. Qc8+ Kh7 45. Qf5+ Kh8 46. Qf8+ Kh7 47. Nf5 Qb7 48. Ne7 h5 49. Qf5+ 1-0

[Event "World Junior U20 Girls 2018"]
[Site "Gebze"]
[Date "2018.09.06"]
[Round "2"]
[White "Sliwicka, Alicja"]
[Black "Bai, Xue"]
[Result "1-0"]
[ECO "C10"]
[WhiteElo "2272"]
[BlackElo "2073"]
[Annotator "NA"]
[PlyCount "69"]
[EventDate "2018.09.05"]
[EventType "swiss"]
[EventCountry "TUR"]
[SourceTitle "playchess.com"]
[Source "ChessBase"]
[SourceQuality "1"]
[TimeControl "40/5400+30:1800+30"]

1. e4 e6 2. d4 d5 3. Nc3 dxe4 4. Nxe4 Nd7 5. Bd3 Ngf6 6. Ne2 c5 7. O-O Be7 8. c3 $11 O-O 9. Qc2 Nxe4 10. Bxe4 Nf6 11. Bf3 cxd4 12. Nxd4 Qc7 13. Be3 Bd7 14. a4 Nd5 15. Bxd5 exd5 16. Rfd1 Bf6 17. Nb5 Qc4 18. Qd3 Qxd3 19. Rxd3 Be6 20. Nc7 Rac8 21. Nxd5 Rfd8 22. Rad1 Bxd5 23. Rxd5 a6 24. Bb6 Rxd5 25. Rxd5 Kf8 26. Rd7 Rc4 27. a5 Ra4 28. g3 Ke8 29. Rxb7 Ra2 30. Bc7 Be7 31. b4 Bf6 32. c4 Bd4 33. Bb6 Bc3 34. Bc5 Bf6 35. Ra7 1-0

[Event "World Junior U20 Girls 2018"]
[Site "Gebze"]
[Date "2018.09.06"]
[Round "2"]
[White "Diakonova, Ekaterina"]
[Black "Li, Yunshan"]
[Result "1-0"]
[ECO "B12"]
[WhiteElo "2243"]
[BlackElo "2060"]
[Annotator "NA"]
[PlyCount "119"]
[EventDate "2018.09.05"]
[EventType "swiss"]
[EventCountry "TUR"]
[SourceTitle "playchess.com"]
[Source "ChessBase"]
[SourceQuality "1"]
[TimeControl "40/5400+30:1800+30"]

1. e4 c6 2. d4 d5 3. e5 c5 4. dxc5 e6 5. a3 {[%emt 0:00:00] B12: Caro-Kann: Advance Variation} (5. Nf3 Bxc5 6. Bd3 Ne7 7. O-O Ng6 8. a3 O-O 9. Nbd2 Nc6 10. b4 Bb6 11. Bb2 Nf4 12. Nb3 a5 13. Qd2 Nxd3 14. cxd3 {½-½ (38) Vitiugov,N (2735)-Anand,V (2776) Karlsruhe/Baden-Baden 2018}) 5... Bxc5 6. b4 Bb6 7. Nf3 a5 8. b5 Ne7 9. a4 $146 ({Predecessor:} 9. Bd3 Nd7 10. O-O Ng6 11. Re1 Ndxe5 12. Nxe5 Nxe5 13. Rxe5 {0-1 (23) Ponizil,C (2478)-Rausis,I (2626) Czech Republic 2017}) 9... Nd7 10. Ba3 Bc5 11. Bd3 Ng6 12. Bxg6 hxg6 13. c4 Bxa3 14. Nxa3 Nc5 15. O-O b6 16. cxd5 exd5 17. Nc2 Bf5 18. Ncd4 Be4 19. Nc6 Qd7 20. Ng5 Bd3 21. e6 fxe6 22. Re1 Bf5 23. g4 Be4 24. f3 Qd6 25. Ra2 Bd3 26. Ne5 Qe7 27. Nxe6 Nxe6 28. Nxd3 O-O 29. Rae2 Rf6 30. g5 Rxf3 31. Rxe6 Qxg5+ 32. Kh1 Raf8 33. Re8 Kh7 34. Rxf8 Rxf8 35. Qe2 Rf6 36. Qe5 Qh4 37. Qxd5 Qh3 38. Rg1 Rd6 39. Nf4 Rxd5 40. Nxh3 Rd4 41. Ng5+ Kh6 42. Nf7+ Kh7 43. Rc1 Rxa4 $18 44. Rc8 g5 45. Rc6 Kg8 46. Nxg5 Kf8 47. Rxb6 Rb4 48. Rb7 g6 49. Ne6+ Ke8 50. b6 a4 51. Nc5 a3 52. Ra7 Rxb6 53. Rxa3 Rc6 54. Ne4 Kf7 55. Kg2 Kg7 56. Kg3 Rb6 57. Rf3 Re6 58. Ng5 Re7 59. Rc3 Ra7 60. Rc7+ 1-0

[Event "World Junior U20 Girls 2018"]
[Site "Gebze"]
[Date "2018.09.06"]
[Round "2"]
[White "Maltsevskaya, Aleksandra"]
[Black "Salah, Nadezhda"]
[Result "1/2-1/2"]
[ECO "A49"]
[WhiteElo "2234"]
[BlackElo "1918"]
[Annotator "NA"]
[PlyCount "122"]
[EventDate "2018.09.05"]
[EventType "swiss"]
[EventCountry "TUR"]
[SourceTitle "playchess.com"]
[Source "ChessBase"]
[SourceQuality "1"]
[TimeControl "40/5400+30:1800+30"]

1. Nf3 Nf6 2. g3 g6 3. Bg2 Bg7 4. O-O O-O 5. d4 d6 6. b3 a5 7. c4 a4 8. b4 c5 9. bxc5 dxc5 10. Bb2 Qb6 11. Qc1 Bf5 12. Nbd2 Ne4 13. Ba3 cxd4 14. Nxe4 Bxe4 15. Bxe7 Re8 16. c5 Qc6 17. Bd6 d3 18. Re1 dxe2 19. Rxe2 Nd7 20. Rxe4 Qxe4 21. Rb1 Rad8 22. h3 Qe2 23. Rxb7 Nxc5 24. Qxc5 Qd1+ 25. Kh2 Qxd6 26. Qc2 Qa6 27. Ng5 Rf8 28. Nxf7 Rc8 29. Qd1 Qf6 30. Nd6 Rcd8 31. Qd5+ Kh8 32. Nf7+ Rxf7 33. Qxf7 Qxf7 34. Rxf7 h5 35. Ra7 Rd4 36. Ra8+ Kh7 37. f4 h4 38. Ra7 hxg3+ 39. Kxg3 Kh6 40. Bc6 Rd3+ 41. Kg4 a3 42. Be4 Re3 43. Bd5 Rd3 44. Bb3 Bb2 45. Bg8 Bg7 46. Ra6 Bf8 47. Ra7 Bg7 48. Bf7 Bf8 49. Bc4 Rd4 50. Bg8 g5 51. Ra6+ Bd6 52. Kf5 Rxf4+ 53. Ke6 Bb4 54. Ke5+ Kh5 55. Be6 Bc3+ 56. Kd5 Bb2 57. Bg4+ Kh4 58. Rh6+ Kg3 59. Rg6 Kh4 60. Rh6+ Kg3 61. Rh5 Bc1 1/2-1/2

[Event "World Junior U20 Girls 2018"]
[Site "Gebze"]
[Date "2018.09.06"]
[Round "2"]
[White "Mahalakshmi, M."]
[Black "Ayan, Bengu Sena"]
[Result "1-0"]
[ECO "D78"]
[WhiteElo "2213"]
[BlackElo "1976"]
[Annotator "NA"]
[PlyCount "87"]
[EventDate "2018.09.05"]
[EventType "swiss"]
[EventCountry "TUR"]
[SourceTitle "playchess.com"]
[Source "ChessBase"]
[SourceQuality "1"]
[TimeControl "40/5400+30:1800+30"]

1. Nf3 d5 2. g3 g6 3. Bg2 Bg7 4. d4 Nf6 5. O-O O-O 6. c4 c6 7. Qb3 Nbd7 8. cxd5 cxd5 9. Nc3 Nb6 10. Ne5 Be6 11. a4 Ne4 12. Rd1 Nxc3 13. Qxc3 Rc8 14. Qb4 Qd6 15. Qxd6 exd6 16. Nf3 Rc2 17. a5 Nd7 18. Kf1 Nf6 19. Ne1 Rc6 20. Nd3 Ne4 21. f3 Nf6 22. Bd2 Nd7 23. Bc3 Rc4 24. e3 f5 25. Bb4 Rc6 26. Rac1 Rfc8 27. Bxd6 Rc2 28. Bb4 Rxc1 29. Rxc1 Rxc1+ 30. Nxc1 b6 31. Ke2 Kf7 32. Kd2 Nb8 33. Bd6 Nc6 34. axb6 axb6 35. Bc7 b5 36. Bf1 b4 37. Bb5 Na7 38. Ba4 Bf8 39. Nd3 Nc8 40. Ba5 Nd6 41. b3 Bc8 42. Bxb4 Ba6 43. Bc6 Bxd3 44. Bxd5+ 1-0

[Event "World Junior U20 Girls 2018"]
[Site "Gebze"]
[Date "2018.09.06"]
[Round "2"]
[White "Caglar, Sila"]
[Black "Ince, Safiye Oyku"]
[Result "1/2-1/2"]
[ECO "B48"]
[WhiteElo "2208"]
[BlackElo "1905"]
[Annotator "NA"]
[PlyCount "71"]
[EventDate "2018.09.05"]
[EventType "swiss"]
[EventCountry "TUR"]
[SourceTitle "playchess.com"]
[Source "ChessBase"]
[SourceQuality "1"]
[TimeControl "40/5400+30:1800+30"]

1. e4 c5 2. Nf3 e6 3. d4 cxd4 4. Nxd4 Nc6 5. Nc3 Qc7 6. Be3 a6 7. Qf3 Nf6 8. O-O-O b5 9. Qg3 Qxg3 10. hxg3 Bb7 11. f3 Bc5 12. Kb1 d6 $11 13. Nce2 Ne5 14. Bc1 d5 15. Nb3 Bb6 16. exd5 Nxd5 17. Nf4 Rc8 18. Rh5 Nc4 19. Nxd5 Bxd5 20. Bd3 h6 21. Re1 Kd7 22. g4 Nd6 23. Reh1 Rhe8 24. g5 hxg5 25. Rh7 f6 26. Rxg7+ Re7 27. Rxe7+ Kxe7 28. Rh7+ Kf8 29. Bd2 Kg8 30. Rh3 Bc4 31. Bc3 Bxd3 32. cxd3 Kg7 33. g4 Kg6 34. Rh1 Nf7 35. Nd2 Rd8 36. Kc2 1/2-1/2

[Event "World Junior U20 Girls 2018"]
[Site "Gebze"]
[Date "2018.09.06"]
[Round "2"]
[White "Kubicka, Anna"]
[Black "Koljevic, Nikolina"]
[Result "1-0"]
[ECO "B66"]
[WhiteElo "2204"]
[BlackElo "1898"]
[Annotator "NA"]
[PlyCount "63"]
[EventDate "2018.09.05"]
[EventType "swiss"]
[EventCountry "TUR"]
[SourceTitle "playchess.com"]
[Source "ChessBase"]
[SourceQuality "1"]
[TimeControl "40/5400+30:1800+30"]

1. e4 c5 2. Nf3 Nc6 3. d4 cxd4 4. Nxd4 Nf6 5. Nc3 d6 6. Bg5 e6 7. Qd2 a6 8. O-O-O h6 9. Nxc6 bxc6 10. Bf4 d5 11. Qe3 Bb4 12. Be2 O-O 13. e5 Nd7 14. Bxh6 gxh6 15. Rd4 f5 16. exf6 Qxf6 17. Rxb4 Kh8 18. g3 Qg5 19. Qxg5 hxg5 20. Nd1 Nf6 21. g4 Kg7 22. h4 Rh8 23. h5 e5 24. f3 Bd7 25. Nf2 Kh6 26. Nd3 e4 27. Ne5 exf3 28. Bxf3 Rhf8 29. Rb6 Rab8 30. Nxd7 Nxd7 31. Rxc6+ Kh7 32. Bxd5 1-0

[Event "World Junior U20 Girls 2018"]
[Site "Gebze"]
[Date "2018.09.06"]
[Round "2"]
[White "Beydullayeva, Govhar"]
[Black "Tian, Shi Yuan"]
[Result "1-0"]
[ECO "D61"]
[WhiteElo "2202"]
[BlackElo "1923"]
[Annotator "NA"]
[PlyCount "77"]
[EventDate "2018.09.05"]
[EventType "swiss"]
[EventCountry "TUR"]
[SourceTitle "playchess.com"]
[Source "ChessBase"]
[SourceQuality "1"]
[TimeControl "40/5400+30:1800+30"]

1. c4 Nf6 2. Nc3 e6 3. d4 d5 4. Bg5 Nbd7 5. e3 c6 6. Nf3 $11 Be7 7. Qc2 O-O 8. Bd3 h6 9. Bh4 dxc4 10. Bxc4 b5 11. Bd3 Bb7 12. e4 Nh5 13. Bxe7 Qxe7 14. Qd2 e5 15. O-O-O a6 16. g4 Nf4 17. Nxe5 Nxd3+ 18. Nxd3 b4 19. Na4 Qxe4 20. Ndc5 Nxc5 21. Nxc5 Qe7 22. Rhe1 Qc7 23. g5 hxg5 24. Qxg5 Rae8 25. Rxe8 Rxe8 26. Rg1 g6 27. h4 Qe7 28. Qf4 Bc8 29. h5 Kg7 30. Nd3 Qe4 31. h6+ Kh7 32. Qxf7+ Kxh6 33. Re1 Qxd3 34. Qxe8 Qc4+ 35. Kb1 Bf5+ 36. Ka1 Qd5 37. Qh8+ Kg5 38. Rg1+ Bg4 39. Qe5+ 1-0

[Event "World Junior U20 Girls 2018"]
[Site "Gebze"]
[Date "2018.09.06"]
[Round "2"]
[White "Du, Yuxin"]
[Black "De Silva, Tenara"]
[Result "1/2-1/2"]
[ECO "B11"]
[WhiteElo "2146"]
[BlackElo "1764"]
[Annotator "NA"]
[PlyCount "81"]
[EventDate "2018.09.05"]
[EventType "swiss"]
[EventCountry "TUR"]
[SourceTitle "playchess.com"]
[Source "ChessBase"]
[SourceQuality "1"]
[TimeControl "40/5400+30:1800+30"]

1. e4 c6 2. Nc3 d5 3. Nf3 Nf6 4. e5 Ne4 5. Nxe4 dxe4 6. Ng5 Qd5 7. Qe2 Qxe5 8. Nxe4 Bf5 9. d3 e6 10. f4 Qa5+ 11. Bd2 Qb6 12. O-O-O h5 13. h3 Bxe4 14. dxe4 Nd7 15. Bc3 O-O-O 16. g3 Bc5 17. Bg2 Nf6 18. Rxd8+ Qxd8 19. Rd1 Qb6 20. Rd3 Qb5 21. Bf3 Rd8 22. Rxd8+ Kxd8 23. Qxb5 cxb5 24. Bxf6+ gxf6 25. Bxh5 Bf2 26. Bxf7 Ke7 27. Bg6 Bxg3 28. f5 exf5 29. Bxf5 b4 30. Kd2 Kf7 31. c3 bxc3+ 32. Kxc3 a5 33. Kc4 b6 34. b3 Bf2 35. Kd3 Kg7 36. Ke2 Bd4 37. Kf3 Kh6 38. Kg4 Be5 39. h4 Bd4 40. Bd7 Be5 41. Be8 1/2-1/2

[Event "World Junior U20 Girls 2018"]
[Site "Gebze"]
[Date "2018.09.06"]
[Round "2"]
[White "Serikbay, Assel"]
[Black "Chitlange Sakshi"]
[Result "1/2-1/2"]
[ECO "E06"]
[WhiteElo "2125"]
[BlackElo "2279"]
[Annotator "NA"]
[PlyCount "95"]
[EventDate "2018.09.05"]
[EventType "swiss"]
[EventCountry "TUR"]
[SourceTitle "playchess.com"]
[Source "ChessBase"]
[SourceQuality "1"]
[TimeControl "40/5400+30:1800+30"]

1. d4 Nf6 2. c4 e6 3. g3 d5 4. Nf3 Be7 5. Bg2 O-O 6. O-O c6 7. Qc2 b6 8. Nbd2 Bb7 9. e4 Na6 10. e5 Nd7 11. b3 {[%emt 0:13:30] E06: Closed Catalan: Early deviations} (11. cxd5) 11... Rc8 12. Bb2 Nb4 13. Qb1 c5 14. a3 Na6 $146 ({Predecessor:} 14... Nc6 15. cxd5 exd5 16. Bh3 cxd4 17. b4 Ndxe5 18. Bxc8 Qxc8 {1-0 (42) Esenbek Uulu,I (2098)-Imanaliev,T (2355) Bishkek 2012}) 15. Rd1 Qc7 16. Qd3 Qb8 17. cxd5 exd5 18. Qf5 Rcd8 19. e6 fxe6 20. Qxe6+ Rf7 21. Qe2 Nc7 22. Nf1 Rdf8 23. Rd2 Ba6 24. Qd1 c4 25. bxc4 dxc4 26. Ne3 b5 27. Ng4 Bb7 28. Nfe5 Nxe5 29. Nxe5 Bxg2 30. Nxf7 Ba8 31. Ne5 Qb7 32. f3 Nd5 33. Qc2 Bg5 34. Re2 Ne3 35. Qe4 Qc8 36. d5 Nxd5 37. Qd4 Bf6 38. Rc1 Qb7 39. Qg4 Re8 40. Bd4 Qa6 41. Qd7 Qe6 $18 42. Qxa7 Ne7 43. Rce1 Qd5 44. Qc5 Qb7 45. Qb6 Qd5 46. Qc5 Qb7 47. Qb6 Qd5 48. Qc5 1/2-1/2

[Event "World Junior U20 Girls 2018"]
[Site "Gebze"]
[Date "2018.09.06"]
[Round "2"]
[White "Ozbay, Ece"]
[Black "Esti, Kubra Selenay"]
[Result "1-0"]
[ECO "C97"]
[WhiteElo "2114"]
[BlackElo "1662"]
[Annotator "NA"]
[PlyCount "73"]
[EventDate "2018.09.05"]
[EventType "swiss"]
[EventCountry "TUR"]
[SourceTitle "playchess.com"]
[Source "ChessBase"]
[SourceQuality "1"]
[TimeControl "40/5400+30:1800+30"]

1. e4 e5 2. Nf3 Nc6 3. Bb5 a6 4. Ba4 Nf6 5. O-O b5 6. Bb3 Be7 7. Re1 d6 8. c3 O-O 9. h3 Na5 10. Bc2 c5 11. d4 Qc7 12. d5 Nb7 13. b3 Bd7 14. Nbd2 g6 15. Nf1 Nh5 16. g4 {[%emt 0:02:30] C97: Closed Ruy Lopez: Chigorin Defence: 11 d4 Qc7, sidelines} Ng7 17. Ng3 f6 18. Nh2 {[%emt 0:10:30] [#]} g5 $146 ({Predecessor:} 18... a5 19. Bh6 b4 20. c4 Nd8 21. h4 Nf7 22. Bd2 Qc8 23. Kh1 a4 24. Rc1 axb3 25. axb3 Ra2 26. Rg1 Kh8 27. Be3 Kg8 {½-½ (27) Megaranto,S (2569)-Zhang,Z (2634) Singapore 2007}) 19. Nhf1 Nd8 20. Ne3 Nf7 21. Qf3 Qc8 22. Kg2 $16 Nh8 23. Nef5 Ng6 24. Nxe7+ Nxe7 25. Nf5 Bxf5 26. gxf5 Kf7 27. Bd2 h5 28. a4 Qd7 29. Bd3 Rg8 30. Qe2 g4 31. hxg4 Ngxf5 32. exf5 Rxg4+ 33. Kf1 Rag8 34. Qf3 c4 35. bxc4 bxc4 36. Be4 h4 37. Ke2 1-0

[Event "World Junior U20 Girls 2018"]
[Site "Gebze"]
[Date "2018.09.06"]
[Round "2"]
[White "Dwilewicz, Katarzyna"]
[Black "Haussernot, Cecile"]
[Result "1-0"]
[ECO "C11"]
[WhiteElo "2081"]
[BlackElo "2237"]
[Annotator "NA"]
[PlyCount "53"]
[EventDate "2018.09.05"]
[EventType "swiss"]
[EventCountry "TUR"]
[SourceTitle "playchess.com"]
[Source "ChessBase"]
[SourceQuality "1"]
[TimeControl "40/5400+30:1800+30"]

1. e4 e6 2. d4 d5 3. Nc3 Nf6 4. e5 Nfd7 5. f4 c5 6. Nf3 Nc6 7. Be3 Be7 8. Qd2 O-O 9. h4 cxd4 10. Nxd4 Nxd4 11. Bxd4 Bxh4+ 12. Bf2 Be7 13. Bd3 f5 14. exf6 Nxf6 $16 15. O-O-O Qa5 16. Bd4 b5 17. g4 b4 18. Nb1 Ne4 19. Qh2 h6 20. Bxg7 Rxf4 21. Qxh6 Kf7 22. Qxf4+ Kxg7 23. Bxe4 dxe4 24. Qh6+ Kf7 25. Rhf1+ Kg8 26. Qg6+ Kh8 27. Rh1+ 1-0

[Event "World Junior U20 Girls 2018"]
[Site "Gebze"]
[Date "2018.09.06"]
[Round "2"]
[White "Lingur, Zalina"]
[Black "Duran, Esma Doga"]
[Result "1/2-1/2"]
[ECO "B46"]
[WhiteElo "2061"]
[BlackElo "1825"]
[Annotator "NA"]
[PlyCount "78"]
[EventDate "2018.09.05"]
[EventType "swiss"]
[EventCountry "TUR"]
[SourceTitle "playchess.com"]
[Source "ChessBase"]
[SourceQuality "1"]
[TimeControl "40/5400+30:1800+30"]

1. e4 c5 2. Nf3 e6 3. d4 cxd4 4. Nxd4 Nc6 5. Nc3 a6 6. Nxc6 bxc6 7. Bd3 d5 $11 {[%emt 0:02:30] LiveBook: 878 Games} 8. O-O Nf6 9. Re1 Be7 10. e5 Nd7 11. Qg4 g6 12. Bh6 Qc7 13. Qg3 c5 14. Bg5 Qd8 15. Bf4 Bb7 16. a4 Qc7 17. Bg5 Qd8 18. Bxe7 Qxe7 19. Nb1 c4 20. Bf1 Nc5 21. Nd2 O-O 22. h4 h6 23. Qf4 Kg7 24. a5 Bc6 25. b4 Nd7 26. c3 f6 27. exf6+ Qxf6 28. Qxf6+ Rxf6 29. Nf3 Re8 30. Ne5 Nxe5 31. Rxe5 Rf5 32. Rae1 Kf6 33. R5e3 Bd7 34. g3 Kf7 35. Bh3 Rf6 36. Re5 Rf3 37. R5e3 Rxe3 38. Rxe3 Kf6 39. f4 Bc6 1/2-1/2

[Event "World Junior U20 Girls 2018"]
[Site "Gebze"]
[Date "2018.09.06"]
[Round "2"]
[White "Auvray, Honorine"]
[Black "Ghukasyan, Siranush"]
[Result "0-1"]
[ECO "D02"]
[WhiteElo "2050"]
[BlackElo "2205"]
[Annotator "NA"]
[PlyCount "124"]
[EventDate "2018.09.05"]
[EventType "swiss"]
[EventCountry "TUR"]
[SourceTitle "playchess.com"]
[Source "ChessBase"]
[SourceQuality "1"]
[TimeControl "40/5400+30:1800+30"]

1. d4 d5 2. Bf4 Nf6 3. e3 e6 4. Nd2 c5 5. c3 Nc6 6. Ngf3 Bd6 7. Bg3 O-O 8. Bd3 b6 9. Qe2 Bb7 10. Rd1 Re8 11. e4 Be7 12. e5 Nh5 13. a3 c4 14. Bb1 g6 15. Nf1 b5 16. Ne3 a5 17. Ng4 b4 18. Qe3 bxc3 19. bxc3 a4 20. Bf4 Bc8 21. Nh6+ Kg7 22. g4 Nxf4 23. Qxf4 Rf8 24. g5 Bxa3 25. Qh4 Be7 26. Ng4 Rh8 27. Nf6 h5 28. Qf4 a3 29. Ba2 Rb8 30. O-O Qa5 31. Qe3 Qc7 32. Nh4 Ba6 33. Rd2 Bb5 34. Ng2 Ba4 35. Nf4 Qa5 36. Qf3 Rb7 37. Kh1 Na7 38. Bb1 Rhb8 39. N6xh5+ gxh5 40. Nxh5+ Kf8 41. g6 Bg5 42. g7+ Ke7 43. Bh7 Bxd2 44. Qf6+ Kd7 45. Qxf7+ Kc6 46. Qxe6+ Kb5 47. Bg6 Qd8 48. Rb1+ Bb3 49. Rxb3+ cxb3 50. g8=Q Rb6 51. Bd3+ Ka5 52. Qxd5+ Qxd5+ 53. Qxd5+ Rb5 54. Qd7 R8b7 55. Qd8+ Ka4 56. Bxb5+ Rxb5 57. Qd7 a2 58. Qxa7+ Ra5 59. Qd7+ Ka3 60. Qd6+ Kb2 61. e6 a1=Q+ 62. Kg2 Rxh5 0-1

[Event "World Junior U20 Girls 2018"]
[Site "Gebze"]
[Date "2018.09.06"]
[Round "2"]
[White "Gomez Barrera, Javiera Belen"]
[Black "Hilario, Aleyla"]
[Result "0-1"]
[ECO "C86"]
[WhiteElo "2035"]
[BlackElo "2203"]
[Annotator "NA"]
[PlyCount "54"]
[EventDate "2018.09.05"]
[EventType "swiss"]
[EventCountry "TUR"]
[SourceTitle "playchess.com"]
[Source "ChessBase"]
[SourceQuality "1"]
[TimeControl "40/5400+30:1800+30"]

1. e4 e5 2. Nf3 Nc6 3. Bb5 a6 4. Ba4 Nf6 5. Qe2 b5 6. Bb3 Be7 7. c3 O-O 8. O-O d5 9. d3 Re8 $11 10. Rd1 d4 11. Nbd2 Bc5 12. Nf1 Bb6 13. Bc2 a5 14. h3 a4 15. a3 Nd7 16. Ng3 Nc5 17. cxd4 Ne6 18. Nf5 Nexd4 19. N5xd4 Nxd4 20. Nxd4 Bxd4 21. Rb1 Re6 22. Be3 Rg6 23. Kh2 Qh4 24. Bxd4 Bg4 25. f3 Bxh3 26. Bf2 Rxg2+ 27. Kh1 Rxf2 0-1

[Event "World Junior U20 Girls 2018"]
[Site "Gebze"]
[Date "2018.09.06"]
[Round "2"]
[White "Yang, Yijing"]
[Black "Bail, Ellen Larissa"]
[Result "1-0"]
[ECO "E06"]
[WhiteElo "2018"]
[BlackElo "1832"]
[Annotator "NA"]
[PlyCount "120"]
[EventDate "2018.09.05"]
[EventType "swiss"]
[EventCountry "TUR"]
[SourceTitle "playchess.com"]
[Source "ChessBase"]
[SourceQuality "1"]
[TimeControl "40/5400+30:1800+30"]

1. d4 d5 2. c4 e6 3. Nf3 Nf6 4. g3 Be7 5. Bg2 O-O 6. O-O c5 7. cxd5 Nxd5 8. e4 Nf6 9. e5 Nfd7 10. Nc3 Nc6 11. Be3 cxd4 12. Bxd4 Rb8 13. Qe2 Qa5 14. Rfe1 b5 15. Qe4 Bb7 16. Qf4 Nb4 17. Re2 Rbc8 18. a3 Nd5 19. Nxd5 Bxd5 20. b4 Qa4 21. Qe3 Rc7 22. Nd2 Bxg2 23. Kxg2 Rfc8 24. Nb3 Qa6 25. Ree1 Qb7+ 26. Qf3 Qxf3+ 27. Kxf3 a6 28. Ke4 Kf8 29. Ra2 Rc4 30. f4 Ke8 31. g4 f6 32. Kd3 fxe5 33. fxe5 Nf8 34. Rf1 Ng6 35. Raf2 Rd8 36. Ke4 a5 37. bxa5 Bxa3 38. a6 Bc5 39. Rd2 Bxd4 40. Rxd4 Rdxd4+ 41. Nxd4 Ra4 42. Rb1 Rxa6 43. Rxb5 Kf7 44. Rb7+ Kf8 45. Rd7 Ra5 46. Nxe6+ Ke8 47. Rd5 Ra4+ 48. Rd4 Ra5 49. Nc7+ Ke7 50. Nd5+ Ke6 51. Rb4 Nxe5 52. Rb6+ Nc6 53. Rxc6+ Kf7 54. Rc7+ Kg6 55. Nf4+ Kh6 56. h4 Ra4+ 57. Ke3 Ra3+ 58. Kd2 g5 59. Rc6+ Kg7 60. Ne6+ Kg8 1-0